 Dungeon Crawl Stone Soup version 0.23-a0-356-g1757c6e (webtiles) character file.

16 Cryolive the Digger (level 2, -2/15 HPs)
             Began as a Gargoyle Earth Elementalist on Oct 21, 2018.
             Slain by a hobgoblin
             ... wielding a +0 club
              (3 damage)
             ... on level 1 of the Dungeon.
             The game lasted 00:02:50 (882 turns).

Cryolive the Digger (Gargoyle Earth Elementalist)    Turns: 882, Time: 00:02:51

Health: -2/15      AC:  4    Str: 11    XL:     2   Next: 58%
Magic:  5/5        EV: 12    Int: 15    God:
Gold:   33         SH:  0    Dex: 10    Spells: 5/6 levels left

rFire    . . .     SeeInvis .   g - -2 spear (curse)
rCold    . . .     Gourm    .   (no shield)
rNeg     + . .     Faith    .   c - +0 robe
rPois    ∞         Spirit   .   (no helmet)
rElec    +         Reflect  .   (no cloak)
rCorr    .         Harm     .   (no gloves)
MR       .....                  (no boots)
Stlth    ++........             (no amulet)
HPRegen  0.05/turn              (no ring)
MPRegen  0.09/turn              (no ring)

@: no status effects
A: negative energy resistance 1, electricity resistance, unbreathing,
petrification resistance, rot immunity, AC +2
a: no special abilities


You were on level 1 of the Dungeon.
You were not hungry.

You visited 1 branch of the dungeon, and saw 1 of its levels.

You collected 33 gold pieces.

Inventory:

Hand Weapons
 g - a cursed -2 spear (weapon)
 k - a +0 mace
 l - a cursed -1 mace
Missiles
 b - 41 stones (quivered)
Armour
 c - a +0 robe (worn)
Scrolls
 e - a scroll of enchant weapon {unknown}
 h - 2 scrolls of fear {unknown}
 i - 2 scrolls of identify {unknown}
 j - 2 scrolls of teleportation {unknown}
Potions
 a - 2 potions of haste {unknown}
 f - a potion of brilliance {unknown}
Comestibles
 d - 2 rations


   Skills:
 - Level 1.5 Dodging
 - Level 2.1 Stealth
 + Level 2.5 Spellcasting
   Level 0.7 Transmutations
 + Level 4.2 Earth Magic


You had 5 spell levels left.
You knew the following spells:

 Your Spells              Type           Power        Failure   Level  Hunger
a - Sandblast             Erth           ##....       3%          1    #......

Your spell library contained the following spells:

 Spells                   Type           Power        Failure   Level  Hunger
 Passwall                 Tmut/Erth      #.......     12%         2    ###....
 Stone Arrow              Conj/Erth      #.....       26%         3    ###....
 Petrify                  Tmut/Erth      #.......     58%         4    #####..
 Lee's Rapid Deconstruct  Erth           ##........   71%         5    ######.


Dungeon Overview and Level Annotations

Branches:
Dungeon (1/15)

Altars:


Innate Abilities, Weirdness & Mutations

You are resistant to torment.
Your stone body is resilient. (AC +2)
You are immune to poison.
You resist negative energy. (rN+)
You are resistant to electric shocks. (rElec)
You can survive without breathing.
You are immune to petrification.
You are immune to rotting.


Message History

Tha hobgoblin be heavily wounded.
Tha hobgoblin hits ye but does nay damage.
Ye closely miss tha hobgoblin.
Tha hobgoblin be heavily wounded.
Tha hobgoblin hits ye wit' a +0 club.
Ye barely miss tha hobgoblin.
Tha hobgoblin be heavily wounded.
Tha hobgoblin misses ye.
Ye hit tha hobgoblin.
Tha hobgoblin be almost dead.
Tha hobgoblin hits ye wit' a +0 club.
* * * LOW HITPOINT WARNIN'
* * * Ye barely miss tha hobgoblin.
Tha hobgoblin be almost dead.
Tha hobgoblin hits ye wit' a +0 club.
* * * LOW HITPOINT WARNIN'
* * * Ye hit tha hobgoblin but do nay damage.
Tha hobgoblin be almost dead.
Tha hobgoblin hits ye wit' a +0 club.
Ye die...

#. #. .
### #..
#.# #. #g#
#. #@# #.
#.# #. #.#
#########.
#.#
#.........
#.#
#........#
#.#
#........'
#.#
#........#
#.#
#......).#
#.#
#........#


You could see a hobgoblin.

Vanquished Creatures
  3 bats (D:1)
  A giant cockroach (D:1)
  3 goblins (D:1)
  3 hobgoblins (D:1)
  2 kobolds (D:1)
  2 frilled lizards (D:1)
14 creatures vanquished.

Notes
Turn   | Place    | Note
-------+----------+-------------------------------------------
     0 | D:1      | Cryolive the Gargoyle Earth Elementalist began the quest
                  | for the Orb.
     0 | D:1      | Reached XP level 1. HP: 10/10 MP: 3/3
   317 | D:1      | Reached skill level 4 in Earth Magic
   317 | D:1      | Reached XP level 2. HP: 2/15 MP: 3/5
   882 | D:1      | Slain by a hobgoblin

Vault maps used:
D:1:      scummos_arrival_star

Skill      XL: |  1 |
---------------+----+-----
Earth Magic    | 4 |  4.2
Dodging        | |  1.5
Stealth        | |  2.1
Spellcasting   | |  2.5
Transmutations | |  0.7

Action                   || total
-------------------------++-------
Melee: Spear             ||    73
       Unarmed           ||     6
 Cast: Sandblast         ||     7
 Stab: Sleeping          ||     2
Armor: Robe              ||    25
Dodge: Dodged            ||    51

Table legend:
 A = Non-vault XP
 B = Vault XP
 C = Vault XP percentage of total XP
 D = Non-vault monster count
 E = Vault monster count
 F = Vault count percentage of total count
                 A         B        C        D         E       F
            +---------+---------+-------+---------+---------+-------
      Total |      24 |       0 |   0.0 |      14 |       0 |   0.0
            +---------+---------+-------+---------+---------+-------
        D:1 |      24 |       0 |   0.0 |      14 |       0 |   0.0
            +---------+---------+-------+---------+---------+-------
